 Dungeon Crawl Stone Soup version 0.20-a0-3-g334f831 (webtiles) character file.

10870 Gorice the Jinx (level 12, -1/80 HPs)
             Began as a Kobold Enchanter on Oct 30, 2016.
             Was a High Priest of Okawaru.
             Slain by a freezing wraith (15 damage)
             ... on level 1 of the Lair of Beasts.
             The game lasted 01:24:45 (15780 turns).

Gorice the Jinx (Kobold Enchanter)                 Turns: 15780, Time: 01:24:45

Health: -1/80      AC:  4    Str: 10    XL:     12   Next: 0%
Magic:  6/15       EV: 16    Int: 13    God:    Okawaru [*****.]
Gold:   385        SH:  0    Dex: 16    Spells: 4 memorised, 6 levels left

rFire  + + .     SeeInvis .     e - +7 flail "Lism" {elec, *Noise rF++ rC+++ Int-3}
rCold  + + +     Gourm    .     D - +2 robe
rNeg   . . .     Faith    .     (shield restricted)
rPois  .         Spirit   .     (no helmet)
rElec  .         Reflect  .     (no cloak)
rCorr  .         Harm     .     (no gloves)
MR     .....                    (no boots)
Stlth  +++++.....               (no amulet)
                                B - ring of stealth
                                y - ring of stealth

@: no status effects
A: carnivore 3
a: Heroism, Finesse, Renounce Religion


You were on level 1 of the Lair of Beasts.
You worshipped Okawaru.
Okawaru was extremely pleased with you.
You were very full.

You visited 3 branches of the dungeon, and saw 11 of its levels.
You also visited: Sewer.

You collected 385 gold pieces.

Inventory:

Hand Weapons
 a - a +2 dagger
 b - the +10 rapier of Nuroq {protect, rPois MR+}
   (Okawaru gifted it to you on level 1 of the Lair of Beasts)

   It protects the one who uses it against injury (+AC on strike).
   It protects you from poison.
   It affects your resistance to hostile enchantments.
 e - the +7 flail "Lism" (weapon) {elec, *Noise rF++ rC+++ Int-3}
   (You took it off an orc on level 8 of the Dungeon)

   Occasionally, upon striking a foe, it will discharge some electrical energy
   and cause terrible harm.
   It affects your intelligence (-3).
   It greatly protects you from fire.
   It renders you almost immune to cold.
   It may make noises in combat.
Missiles
 z - 14 tomahawks (quivered)
 Y - a throwing net
 Z - 302 stones
Armour
 D - a +2 robe (worn)
Jewellery
 x - an uncursed ring of protection from magic
 y - a ring of stealth (left hand)
 B - a ring of stealth (right hand)
 H - an uncursed ring of resist corrosion
Wands
 f - a wand of iceblast (1/15)
 s - a wand of acid (7/15)
 G - a wand of lightning (6/15)
Scrolls
 c - a scroll of amnesia
 k - 2 scrolls of teleportation {!r}
 n - a scroll of identify
 r - 3 scrolls of fear {!r}
 I - a scroll of remove curse
Potions
 h - a potion of might {unknown}
 i - a potion of cure mutation {unknown}
 j - 2 potions of cancellation {!q}
 l - 2 potions of brilliance {!q}
 p - a potion of heal wounds {!q}
 q - 2 potions of agility {unknown}
 t - 2 potions of ambrosia {unknown}
 u - 8 potions of curing
 A - a potion of lignification {unknown}
 N - a potion of invisibility {unknown}
Comestibles
 d - 5 meat rations {!e}
 m - 4 beef jerkies
 v - 4 chunks of flesh


   Skills:
 + Level 11.0 Fighting
 - Level 8.3 Short Blades
 * Level 3.8 Dodging
 - Level 4.0 Stealth
 - Level 2.1 Spellcasting
 - Level 13.1 Hexes
 - Level 2.1 Invocations


You had 6 spell levels left.
You knew the following spells:

 Your Spells              Type           Power        Failure   Level  Hunger
a - Corona                Hex            #####..      1%          1    ##.....
b - Ensorcelled Hibernat  Hex/Ice        ###...       2%          2    ###....
c - Confuse               Hex            #####...     1%          3    ####...
d - Tukima's Dance        Hex            #####...     1%          3    ####...


Dungeon Overview and Level Annotations

Branches:
Dungeon (8/15)             Temple (1/1) D:6            Lair (2/6) D:8
  Swamp: Lair:2-4    Shoals: Lair:2-4     Snake: Lair:2-4    Spider: Lair:2-4

Altars:
Ashenzari
Cheibriados
Dithmenos
Elyvilon
Gozag
Hepliaklqana
Kikubaaqudgha
Makhleb
Nemelex Xobeh
Okawaru
Qazlal
Ru
Sif Muna
Trog
Uskayaw
Vehumet
Xom
Yredelemnul
Zin
The Shining One


Innate Abilities, Weirdness & Mutations

You are small and have problems with some larger weapons.
You are carnivorous and can eat meat at any time.


Message History

The yak is severely wounded.
The yak closely misses you.
You puncture the yak!
You kill the yak!
Okawaru accepts your kill.
You have reached level 12!
Your experience leads to an increase in your attributes!
Increase (S)trength, (I)ntelligence, or (D)exterity?
You feel stronger.
Evoke which item? (* to show all) (? for menu, Esc to quit)
Okay, then.
You see here a yak corpse.
A water moccasin comes into view.
The yak gores you!
Damage: 10 (max 10)
The yak barely misses you. The yak closely misses you. The yak gores you!
Damage: 12 (max 12)
You closely miss the ice beast. The ice beast barely misses you.
The yak gores you! The yak barely misses you.
Damage: 9 (max 12)
The yak gores you but does no damage. The ice beast closely misses you.
The yak gores the fungus. x2
A freezing wraith comes into view.
The ice beast hits you. The ice beast freezes you!
The yak gores the fungus. x2
Damage: 7 (max 12)
The ice beast barely misses you.
There is a stone staircase leading up here.
The yak misses you. The yak closely misses you.
The ice beast barely misses you. The freezing wraith barely misses you.
The freezing wraith hits you!
* * * LOW HITPOINT WARNING * * *
You climb upwards.
There is a stone staircase leading down here.
Damage: 11 (max 12) Unknown command.
Wield which item (- for none, * to show all)? (? for menu, Esc to quit)
The +10 rapier of Nuroq {protect, rPois MR+} goes still.
You hear the crackle of electricity.
e - the +7 flail "Lism" (weapon)
{elec, *Noise rF++ rC+++ Int-3} The yak gores you!
* * * LOW HITPOINT WARNING * * *
Damage: 17 (max 17) Really read
r - 4 scrolls of fear {!r}?
As you read the scroll of fear {!r}, it crumbles to dust.
You assume a fearsome visage.
The yak looks frightened!
The ice beast looks frightened!
The yak looks frightened!
The freezing wraith is unaffected.
The freezing wraith hits you!
You die...

..#................# #...###
..#................## #####
....................#
..#.................##
.....................# ###
.....................# #.##
................Y....# #..#
.....................# #..##
..............Y.@....# ##..#
...............WY....# #...
.#.................### ##..
#..................# ##..
.................### ### ####.#.
.##............P#######P###.#....
.##.........#...##...............
.#........###P...........###.###.
..#....#### #......#########.###.


You could see a freezing wraith, 2 yaks and an ice beast (fleeing).

Vanquished Creatures
  A hydra (Lair:1)
  Pikel (D:8)
  A hill giant (D:8)
  4 spiny frogs (Lair:1)
  A komodo dragon (Lair:1)
  5 blink frogs (Lair:1)
  A hippogriff (Lair:1)
  A spriggan (D:7)
  7 yaks
  2 water moccasins (Lair:1)
  4 porcupines (Lair:1)
  2 hell hounds (D:8)
  4 sky beasts
  2 orc warriors (D:6)
  6 phantoms
  9 ogres
  A necrophage (D:8)
  5 centaurs
  3 crocodiles (Lair:1)
  A big kobold (Sewer)
  8 bullfrogs
  6 scorpions
  A killer bee (D:5)
  A wight (D:8)
  2 bullfrog zombies
  3 hounds
  A jelly (D:5)
  2 bullfrog skeletons
  2 centaur skeletons
  6 orc priests
  An iguana (D:8)
  9 orc wizards
  5 worker ants
  A hound skeleton (D:7)
  A worker ant zombie (D:6)
  4 gnolls
  A howler monkey skeleton (D:4)
  2 river rats (Sewer)
  15 adders
  4 shadow imps
  2 oozes
  2 adder skeletons
  5 worms
  A dart slug (D:3)
  6 leopard geckos
  40 orcs
  3 giant cockroaches
  7 goblins
  10 hobgoblins
  18 jackals
  2 quokkas
  5 ball pythons
  5 bats
  5 frilled lizards
  2 jackal skeletons (D:6)
  9 kobolds
  A quokka zombie (D:8)
  10 rats
269 creatures vanquished.

Vanquished Creatures (collateral kills)
  An orc warrior (D:8)
  2 orcs (D:8)
3 creatures vanquished.

Vanquished Creatures (others)
  An adder skeleton (D:8)
  An orc (D:8)
2 creatures vanquished.

Grand Total: 274 creatures vanquished

Notes
Turn   | Place    | Note
-------+----------+-------------------------------------------
     0 | D:1      | Gorice the Kobold Enchanter began the quest for the Orb.
     0 | D:1      | Reached XP level 1. HP: 10/10 MP: 3/3
   129 | D:1      | Reached skill level 2 in Short Blades
   250 | D:1      | Reached XP level 2. HP: 11/16 MP: 3/5
   433 | D:1      | Reached skill level 1 in Fighting
   657 | D:1      | Learned a level 2 spell: Ensorcelled Hibernation
   723 | D:2      | Reached skill level 3 in Short Blades
   723 | D:2      | Reached XP level 3. HP: 20/20 MP: 1/6
   726 | D:2      | Found a hazy altar of Hepliaklqana.
   910 | D:2      | Reached skill level 2 in Fighting
  1056 | D:2      | Found a glowing silver altar of Zin.
  1154 | D:3      | Reached XP level 4. HP: 25/27 MP: 2/7
  1253 | D:3      | Noticed a centaur
  1270 | D:3      | Killed a centaur
  1270 | D:3      | Reached skill level 3 in Fighting
  1270 | D:3      | Reached skill level 4 in Short Blades
  1270 | D:3      | Reached XP level 5. HP: 32/32 MP: 1/8
  1325 | D:3      | Reached skill level 5 in Short Blades
  1817 | D:3      | Found a shimmering altar of Xom.
  1820 | D:3      | Reached XP level 6. HP: 37/37 MP: 6/9
  1840 | D:2      | HP: 10/37 [orc wizard/dagger (3)]
  2404 | D:3      | Reached skill level 6 in Short Blades
  2851 | D:3      | Noticed an ogre
  2869 | D:3      | Learned a level 3 spell: Confuse
  2949 | D:3      | Reached skill level 4 in Fighting
  3469 | D:3      | Killed an ogre
  3469 | D:3      | Reached XP level 7. HP: 32/44 MP: 2/10
  3634 | D:2      | Reached skill level 7 in Short Blades
  4002 | D:3      | Found a shimmering altar of Xom.
  4004 | D:3      | Found a shimmering altar of Xom.
  4015 | D:3      | Found a shimmering altar of Xom.
  4015 | D:3      | Found a shimmering altar of Xom.
  4578 | D:4      | Found an iron altar of Okawaru.
  5109 | D:4      | Reached skill level 5 in Fighting
  5117 | D:4      | Became a worshipper of Warmaster Okawaru
  5429 | D:3      | Reached skill level 8 in Short Blades
  5551 | D:4      | Reached XP level 8. HP: 50/50 MP: 11/11
  5655 | D:4      | Reached skill level 4 in Hexes
  5711 | D:4      | Reached * piety under Okawaru
  6780 | D:4      | Reached skill level 6 in Fighting
  6873 | D:5      | Entered Level 5 of the Dungeon
  6962 | D:5      | Reached skill level 5 in Hexes
  7057 | D:5      | HP: 14/51 [killer bee (5)]
  7062 | D:5      | HP: 13/52 [poisoned by a killer bee]
  7070 | D:5      | HP: 12/52 [poisoned by a killer bee]
  7202 | D:5      | Reached skill level 6 in Hexes
  7255 | D:5      | Reached XP level 9. HP: 46/56 MP: 12/12
  7353 | D:5      | Found a glowing drain.
  7362 | Sewer    | Entered a sewer
  7369 | Sewer    | Reached skill level 7 in Fighting
  7611 | Sewer    | Reached ** piety under Okawaru
  7656 | Sewer    | Found a glowing silver altar of Zin.
  7767 | D:5      | Reached skill level 7 in Hexes
  7813 | D:5      | Got a scorched chain mail
  8462 | D:6      | Found a staircase to the Ecumenical Temple.
  8502 | Temple   | Entered the Ecumenical Temple
  8846 | D:6      | Reached skill level 8 in Hexes
  8987 | D:6      | Found a radiant altar of Vehumet.
  8988 | D:6      | Found a shattered altar of Ashenzari.
  8988 | D:6      | Found a glowing golden altar of the Shining One.
  9004 | D:6      | Found a deep blue altar of Sif Muna.
  9126 | D:6      | Found a hide-covered altar of Uskayaw.
  9126 | D:6      | Found a sparkling altar of Nemelex Xobeh.
  9126 | D:6      | Found a sacrificial altar of Ru.
  9127 | D:6      | Found an iron altar of Okawaru.
  9149 | D:6      | Reached skill level 8 in Fighting
 10179 | D:7      | Reached skill level 9 in Hexes
 10179 | D:7      | Reached XP level 10. HP: 64/64 MP: 10/13
 10258 | D:7      | Found a white marble altar of Elyvilon.
 10285 | D:7      | Reached *** piety under Okawaru
 11042 | D:7      | Reached skill level 9 in Fighting
 11042 | D:7      | Reached skill level 10 in Hexes
 11463 | D:7      | Learned a level 3 spell: Tukima's Dance
 11509 | D:8      | Found a staircase to the Lair.
 11794 | D:8      | Reached skill level 1 in Invocations
 12014 | D:8      | Noticed a hill giant
 12031 | D:8      | Killed a hill giant
 12031 | D:8      | Reached skill level 2 in Invocations
 12041 | D:8      | Reached **** piety under Okawaru
 12150 | D:8      | HP: 15/66 [orc/bloodstained flail {elec} (16)]
 12162 | D:8      | HP: 12/66 [bullfrog (3)]
 12163 | D:8      | HP: 5/66 [bullfrog (7)]
 12170 | D:8      | HP: 15/66 [bullfrog (3)]
 12181 | D:8      | HP: 5/66 [bullfrog (7)]
 12190 | D:8      | HP: 15/66 [bullfrog (6)]
 12199 | D:8      | HP: 11/66 [bullfrog (5)]
 12204 | D:8      | HP: 11/66 [bullfrog (1)]
 12486 | D:8      | Got a bloodstained flail {elec}
 12487 | D:8      | Identified the +7 flail "Lism" {elec, *Noise rF++ rC+++ Int-3} (You took it off an orc on level 8 of the Dungeon)
 12582 | D:8      | Reached skill level 11 in Hexes
 13037 | D:8      | Noticed Pikel
 13044 | D:8      | Killed Pikel
 13044 | D:8      | Reached XP level 11. HP: 66/72 MP: 7/14
 13399 | D:8      | Identified the +1 chain mail of the Bulwark {Dex+3} (You found it on level 5 of the Dungeon)
 13412 | Lair:1   | Entered Level 1 of the Lair of Beasts
 13654 | Lair:1   | HP: 20/72 [porcupine's spines (12)]
 13960 | Lair:1   | Reached skill level 10 in Fighting
 14081 | Lair:1   | Reached ***** piety under Okawaru
 14095 | Lair:1   | Reached skill level 12 in Hexes
 14546 | Lair:1   | Noticed an eight-headed hydra
 14644 | Lair:1   | Killed an eight-headed hydra
 14645 | Lair:1   | --heh, dumb luck with a 19% chance for EH!
 14985 | Lair:1   | Received a gift from Okawaru
 14986 | Lair:1   | Got a shimmering rapier {god gift}
 14987 | Lair:1   | Identified the +10 rapier of Nuroq {protect, rPois MR+} (Okawaru gifted it to you on level 1 of the Lair of Beasts)
 15106 | Lair:1   | Reached skill level 13 in Hexes
 15113 | Lair:1   | HP: 16/73 [blink frog (14)]
 15663 | Lair:1   | Reached skill level 3 in Dodging
 15707 | Lair:1   | Reached skill level 11 in Fighting
 15762 | Lair:2   | Reached XP level 12. HP: 80/80 MP: 3/15
 15779 | Lair:1   | HP: 14/80 [yak (17)]
 15780 | Lair:1   | Slain by a freezing wraith

Vault maps used:
D:1:      minmay_arrival_nine_rooms
D:2:      lemuel_round_altar, lemuel_tele_altar
D:3:      xom_redecorated, first_bread, minmay_divided_ellipse
D:4:      okawaru_gym_becter
D:5:      portal_sewer_entry_d
D:6:      grunt_temple_overflow_open
D:7:      basic_altar, the_bakery
D:8:      minmay_lair_entry_lava, kennysheep_generic_room_2, uniq_pikel
Temple:   compressed_dpeg_circular_temple
Lair:2:   st_stairs_3, ice2_lemuel
Sewer:    sewer_kobolds

Skill      XL: |  1  2  3  4  5  6  7  8  9 10 11 |
---------------+----------------------------------+-----
Short Blades   | 2 3 4 5 6 8 |  8.3
Fighting       | 1 2 3 4 5 6 8 9 11 | 11.0
Hexes          | 6 9 11 13 | 13.1
Invocations    | 2 |  2.1
Dodging        | 3 |  3.8
Stealth        | |  4.0
Spellcasting   | |  2.1

Action                   |  1- 3 |  4- 6 |  7- 9 | 10-12 || total
-------------------------+-------+-------+-------+-------++-------
Melee: Dagger            |    58 |   141 |   454 |   289 ||   942
       Punch             |       |       |       |     1 ||     1
       Rapier            |       |       |       |    31 ||    31
       Flail             |       |       |       |    21 ||    21
Throw: Stone             |     1 |    10 |     1 |       ||    12
       Tomahawk          |       |       |       |     1 ||     1
 Cast: Corona            |     6 |     5 |    12 |    13 ||    36
       Ensorcelled Hiber |     6 |    53 |   100 |    59 ||   218
       Confuse           |       |     1 |    23 |    54 ||    78
       Tukima's Dance    |       |       |       |     1 ||     1
Invok: Heroism           |       |       |     4 |     9 ||    13
  Use: Scroll            |     4 |     1 |     8 |     5 ||    18
       Potion            |       |       |     1 |     2 ||     3
 Stab: Sleeping          |    14 |    28 |    58 |    36 ||   136
       Confused          |       |       |    13 |    36 ||    49
       Distracted        |       |       |     4 |     1 ||     5
  Eat: Chunk             |    10 |    11 |    33 |    27 ||    81
Armor: Robe              |     9 |    33 |    53 |    37 ||   132
Dodge: Dodged            |    35 |   145 |   287 |   183 ||   650

Table legend:
 A = Turns spent in this place as a percentage of turns spent in the entire game.
 B = Non-inter-level travel turns spent in this place as a percentage of non-inter-level travel turns spent in the entire game.
 C = Inter-level travel turns spent in this place as a percentage of turns spent in this place.
 D = Turns resting spent in this place as a percentage of non-inter-level travel turns spent in this place.
 E = Turns spent auto-exploring this place as a percentage of non-inter-level travel turns spent in this place.
 F = Non-inter-level travel turns spent in this place divided by the number of levels of this place that you've seen.
                   A       B       C       D       E      F
               +-------+-------+-------+-------+-------+----------------------
         Total | 100.0 | 100.0 |   0.4 |   3.9 |   3.6 | 461.1
       Dungeon |  85.4 |  85.4 |   0.4 |   3.9 |   3.5 | 590.8
        Temple |   0.2 |   0.2 |  10.0 |   0.0 |  88.9 |   9.0
          Lair |  11.4 |  11.4 |   0.5 |   4.7 |   3.9 | 316.5
         Sewer |   3.0 |   3.0 |   0.0 |   1.8 |   0.6 | 165.0
               +-------+-------+-------+-------+-------+----------------------

Vault maps used:
D:1:      minmay_arrival_nine_rooms
D:2:      lemuel_round_altar, lemuel_tele_altar
D:3:      xom_redecorated, first_bread, minmay_divided_ellipse
D:4:      okawaru_gym_becter
D:5:      portal_sewer_entry_d
D:6:      grunt_temple_overflow_open
D:7:      basic_altar, the_bakery
D:8:      minmay_lair_entry_lava, kennysheep_generic_room_2, uniq_pikel
Temple:   compressed_dpeg_circular_temple
Lair:2:   st_stairs_3, ice2_lemuel
Sewer:    sewer_kobolds
